 Dungeon Crawl Stone Soup version 0.27-a0-906-g0a00ce863d (webtiles) character file.

Game seed: 1603359710219400757

36587 jasper the Sage (level 13, -3/93 HPs)
             Began as a Spriggan Venom Mage on Apr 6, 2021.
             Was a High Priest of Sif Muna.
             Slain by an eight-headed hydra (10 damage)
             ... on level 4 of the Lair of Beasts.
             The game lasted 00:38:54 (20038 turns).

jasper the Sage (Spriggan Venom Mage)              Turns: 20038, Time: 00:38:54

Health: -3/93      AC: 13    Str:  4    XL:     13   Next: 53%
Magic:  24/28      EV: 12    Int: 23    God:    Sif Muna [*****.]
Gold:   733        SH:  0    Dex: 16    Spells: 10/32 levels left

rFire    . . .     SeeInvis +     - Unarmed
rCold    . . .     Faith    .   (shield currently unavailable)
rNeg     . . .     Spirit   .   (armour currently unavailable)
rPois    +         Reflect  .   (helmet currently unavailable)
rElec    .         Harm     .   (cloak currently unavailable)
rCorr    +         Rampage  .   (gloves unavailable)
Will     ++...                  (boots unavailable)
Stlth    ++........             v - amulet of magic regeneration
HPRegen  0.25/turn              U - +4 ring of protection
MPRegen  0.46/turn              r - ring of Gelag {rCorr Int+2 Slay+2}

@: hydra-form, wereblooded
A: fast swimmer, devour, amphibious, boosted hp, very large, no large weapons,
unfitting armour, see invisible, (speed 3)
a: End Transformation, Renounce Religion, Channel Magic, Forget Spell, Divine
Exegesis


You were on level 4 of the Lair of Beasts.
You worshipped Sif Muna.
Sif Muna was extremely pleased with you.
You were a seven-headed hydra.
You visited 2 branches of the dungeon, and saw 15 of its levels.

You collected 913 gold pieces.
You spent 180 gold pieces at shops.

Inventory:

Hand Weapons
 u - the +5 dagger of Loll (melded) {vorpal, rF+ Will+ Int+4 SInv}
   (You found it on level 4 of the Dungeon)

   It inflicts extra damage upon your enemies.
   It affects your intelligence (+4).
   It protects you from fire.
   It lets you see invisible.
   It increases your willpower.
Missiles
 b - 4 curare-tipped darts
 h - 2 silver boomerangs
 D - 2 throwing nets
 W - 4 atropa-tipped darts
Armour
 k - a +1 cloak (melded)
 p - a +0 buckler
 H - +0 steam dragon scales (melded)
 V - a scarf of repulsion
Magical Staves
 S - a staff of poison
Jewellery
 r - the ring of Gelag (right foreclaw) {rCorr Int+2 Slay+2}
   (You found it on level 9 of the Dungeon)

   [ring of resist corrosion]

   It affects your intelligence (+2).
   It affects your accuracy and damage with ranged weapons and melee attacks
   (+2).
   It protects you from acid and corrosion.
 v - an amulet of magic regeneration (around neck)
 w - a ring of magical power
 I - a ring of willpower
 K - a ring of resist corrosion
 N - a ring of flight
 U - a +4 ring of protection (left foreclaw)
 X - an amulet of guardian spirit
 Z - a ring of protection from fire
Wands
 c - a wand of polymorph (10)
 F - a wand of flame (16)
 L - a wand of acid (22)
 O - a wand of digging (4)
 Q - a wand of iceblast (1)
 R - a wand of paralysis (7)
 T - a wand of mindburst (21)
Scrolls
 a - a scroll of silence
 i - 10 scrolls of teleportation
 j - 3 scrolls of enchant weapon
 m - a scroll of torment
 n - 3 scrolls of immolation
 s - 2 scrolls of brand weapon
 y - 2 scrolls of enchant armour
 M - 2 scrolls of amnesia
 P - a scroll of magic mapping
 Y - 3 scrolls of identify
Potions
 f - 2 potions of heal wounds
 g - 5 potions of curing
 l - 2 potions of mutation
 o - 5 potions of haste
 q - a potion of lignification
 t - 4 potions of brilliance
 x - 3 potions of cancellation
 z - a potion of might
 A - 6 potions of attraction
 B - a potion of magic
 C - 2 potions of invisibility
 E - 4 potions of resistance
 J - a potion of flight


   Skills:
 + Level 10.0 Fighting
 - Level 10.0 Dodging
 - Level 3.0 Stealth
 * Level 7.3 Unarmed Combat
 - Level 10.0 Spellcasting
 - Level 2.0 Conjurations
 + Level 10.1 Transmutations
 - Level 1.0 Fire Magic
 - Level 2.0 Air Magic
 - Level 8.0 Poison Magic
 - Level 10.1 Invocations


You had 10 spell levels left.
You knew the following spells:

 Your Spells              Type           Power      Damage    Failure   Level
a - Sting                 Tmut/Pois      100%       1d8       1%          1
b - Ignite Poison         Fire/Tmut/Pois 40%        N/A       1%          3
c - Mephitic Cloud        Conj/Pois/Air  29%        N/A       3%          3
d - Olgreb's Toxic Radia  Pois           48%        N/A       1%          4
e - Animate Skeleton      Necr           22%        N/A       5%          1
f - Apportation           Tloc           22%        N/A       5%          1
g - Searing Ray           Conj           40%        3d4       3%          2
h - Hydra Form            Tmut           27%        N/A       2%          5
i - Wereblood             Tmut           55%        N/A       1%          2

Your spell library contained the following spells:

 Spells                   Type           Power      Damage    Failure   Level
 Beastly Appendage        Tmut           100%       N/A       1%          1
 Poisonous Vapours        Pois/Air       68%        N/A       1%          2
 Spider Form              Tmut/Pois      26%        N/A       1%          3
 Magic Dart               Conj           80%        1d7       2%          1
 Corona                   Hex            12%        N/A       5%          1
 Summon Small Mammal      Summ           44%        N/A       5%          1
 Ice Form                 Ice/Tmut       34%        N/A       7%          4
 Petrify                  Tmut/Erth      34%        N/A       7%          4
 Sublimation of Blood     Necr           5%         N/A       9%          2
 Dazzling Flash           Conj/Hex       32%        N/A       11%         3
 Blade Hands              Tmut           27%        N/A       14%         6
 Confusing Touch          Hex            11%        N/A       17%         3
 Gell's Gravitas          Tloc           5%         N/A       17%         3
 Yara's Violent Unravell  Hex/Tmut       17%        3d8       21%         5
 Fulminant Prism          Conj/Hex       8%         3d7       36%         4
 Iskenderun's Mystic Bla  Conj/Tloc      16%        2d5       36%         4
 Metabolic Englaciation   Hex/Ice        5%         N/A       83%         5


Dungeon Overview and Level Annotations

Branches:
Dungeon (11/15)            Temple (0/1) D:7            Lair (4/6) D:9
  Swamp (0/4) Lair:2          Orc (0/2) D:11
  Snake: Lair:2-4    Spider: Lair:2-4

Altars:
Cheibriados
Hepliaklqana
Makhleb
Nemelex Xobeh
Ru
Sif Muna
Wu Jian
Yredelemnul
Zin
The Shining One

Shops:
D:6 !   D:11 [

Annotations:
Lair:1 Urug
Lair:2 exclusion: oklob plant


Innate Abilities, Weirdness & Mutations

You are a seven-headed hydra.
You swim very quickly.
You can devour living enemies to heal.
You are amphibious.
Your maximum health is greatly increased.
Your armour is entirely melded.
You are incapable of wielding weapons or throwing items.
You are very small and have problems with some larger weapons.
You are too small for most types of armour.
You have supernaturally acute eyesight. (SInv)
((You cover ground extremely quickly. (Speed+++)))


Message History

The +5 dagger of Loll {vorpal, rF+ Will+ Int+4 SInv} melds into your body.
Your +1 cloak melds into your body.
Your +0 steam dragon scales melds into your body.
Health restored: 93 You now have 22/28 mp.
Aiming: Iceblast
Press: ? - help, Shift-Dir - straight line, f - eight-headed hydra
Aim: an eight-headed hydra The mass of ice explodes!
The iceblast engulfs the eight-headed hydra!!
The eight-headed hydra is moderately wounded.
You gouge the eight-headed hydra!!
The eight-headed hydra is heavily wounded.
You nip at the eight-headed hydra.
The eight-headed hydra is heavily wounded.
The eight-headed hydra barely misses you.
The eight-headed hydra bites you! The eight-headed hydra bites you.
The eight-headed hydra misses you.
The eight-headed hydra closely misses you.
The eight-headed hydra bites you but does no damage. x2
The eight-headed hydra bites you!
You take 21 damage, and have 72/93 hp.
MASSIVE DAMAGE!!
You bite the eight-headed hydra!
The eight-headed hydra is severely wounded.
The eight-headed hydra closely misses you.
The eight-headed hydra bites you but does no damage. x3
The eight-headed hydra bites you! x2; The eight-headed hydra bites you.
The eight-headed hydra bites you!
You take 44 damage, and have 28/93 hp.
MASSIVE DAMAGE!!
You bite the eight-headed hydra!
The eight-headed hydra is almost dead.
The eight-headed hydra bites you but does no damage.
The eight-headed hydra bites you.
* * * LOW HITPOINT WARNING * * *
The eight-headed hydra bites you!
* * * LOW HITPOINT WARNING * * *
The eight-headed hydra bites you!
* * * LOW HITPOINT WARNING * * *
The eight-headed hydra bites you!
You die...

# .#.###...#.
#.#.......###
....P......
.....#...# ##^
#...>..### ###.#
##.......#.. ##.#.#
#...........
#...#####..DD......
##..###.#........#.
#.#.###...........
##...#P.......####
#.............#
##...#...#....#
#...##...#...##
#######.......## .
##.......#..


You could see an eight-headed hydra.

Vanquished Creatures
  Erolcha (D:10)
  3 hydras
  2 two-headed ogres
  9 death yaks
  The ghost of Maken the Skirmisher, a novice GnWn (D:6)
  4 lindwurms (D:8)
  An ugly thing (D:11)
  A manticore (D:10)
  A cyclops (D:11)
  6 elephants (Lair:2)
  Joseph (D:7)
  A black mamba (Lair:3)
  2 gargoyles
  Maggie (D:7)
  7 cane toads
  Psyche (D:8)
  A kobold demonologist (D:10)
  8 komodo dragons
  2 trolls
  Grinder (D:6)
  16 blink frogs
  2 shadows
  A wyvern (D:9)
  A vampire (D:11)
  2 basilisks
  15 yaks
  Menkaure (D:6)
  2 steam dragons
  3 wargs (D:11)
  Duvessa (D:7)
  5 water moccasins
  A floating eye (D:10)
  3 acid dragons (D:10)
  12 ice beasts
  4 orc warriors
  A hornet zombie (D:9)
  A sky beast (D:5)
  3 necrophages
  4 ogres
  7 wolves
  A phantom (D:4)
  5 centaurs
  A wyvern zombie (D:7)
  10 bullfrogs
  2 gnoll sergeants
  4 scorpions
  Dowan (D:7)
  A water moccasin zombie (D:5)
  A water moccasin skeleton (D:6)
  5 killer bees (D:10)
  12 wights
  2 electric eels (D:8)
  5 howler monkeys
  2 bullfrog zombies (D:5)
  A lava snake (D:9)
  6 centaur zombies
  Crazy Yiuf (D:2)
  7 hounds
  A bullfrog skeleton (D:5)
  6 orc priests
  A centaur skeleton (D:5)
  A gnoll shaman (D:9)
  A jelly (D:6)
  3 iguanas
  9 orc wizards
  4 hell rats (Lair:3)
  3 killer bee zombies
  3 hound skeletons
  13 gnolls
  9 adders
  2 shadow imps
  An ufetubus (D:6)
  An adder skeleton (D:3)
  49 orcs
  6 ball pythons
  9 endoplasms
  6 giant cockroaches
  7 hobgoblins
  A jackal (D:3)
  6 quokkas
  A bat (D:2)
  4 frilled lizards
  6 goblins
  7 kobolds
  A quokka skeleton (D:4)
  3 rats
370 creatures vanquished.

Vanquished Creatures (others)
  20 fungi
  83 plants
  20 toadstools (Lair:1)
123 creatures vanquished.

Grand Total: 493 creatures vanquished

Notes
Turn   | Place    | Note
-------+----------+-------------------------------------------
     0 | D:1      | jasper the Spriggan Venom Mage began the quest for the Orb.
     0 | D:1      | Reached XP level 1. HP: 9/9 MP: 5/5
   464 | D:1      | Reached XP level 2. HP: 9/13 MP: 1/6
   684 | D:1      | Identified the +10 flail of Salt {protect, Int+3 Dex+2
                  | SInv}
  1022 | D:2      | Reached XP level 3. HP: 6/16 MP: 0/8
  1221 | D:2      | Learned a level 3 spell: Ignite Poison
  1225 | D:2      | Learned a level 3 spell: Mephitic Cloud
  1324 | D:2      | Reached XP level 4. HP: 21/21 MP: 2/9
  1620 | D:2      | Found a faded altar of an unknown god.
  1907 | D:2      | Found a runed translucent door.
  1908 | D:2      | Noticed Crazy Yiuf
  2388 | D:2      | Killed Crazy Yiuf
  2430 | D:3      | Found a shimmering blue altar of Sif Muna.
  2445 | D:3      | Became a worshipper of Sif Muna the Loreminder
  2657 | D:3      | Reached XP level 5. HP: 18/24 MP: 2/10
  3086 | D:3      | Reached skill level 5 in Transmutations
  3376 | D:4      | Found a faded altar of an unknown god.
  3376 | D:4      | Found a faded altar of an unknown god.
  3384 | D:4      | Found a snail-covered altar of Cheibriados.
  3386 | D:4      | Found a basalt altar of Yredelemnul.
  3388 | D:4      | Found a sparkling altar of Nemelex Xobeh.
  3485 | D:4      | Noticed an ogre
  3509 | D:4      | Killed an ogre
  3510 | D:4      | Reached skill level 5 in Poison Magic
  3510 | D:4      | Reached XP level 6. HP: 28/28 MP: 11/11
  3700 | D:4      | Reached * piety under Sif Muna
  3701 | D:4      | Reached skill level 1 in Fire Magic
  4004 | D:4      | Identified the +5 dagger of Loll {vorpal, rF+ Will+ Int+4
                  | SInv}
  4168 | D:4      | Found a burning altar of Makhleb.
  4174 | D:4      | Found a glowing silver altar of Zin.
  4174 | D:4      | Noticed an angel
  4180 | D:4      | Noticed a blizzard demon
  4264 | D:4      | Reached XP level 7. HP: 26/32 MP: 9/12
  4269 | D:4      | Learned a level 4 spell: Olgreb's Toxic Radiance
  4414 | D:5      | Entered Level 5 of the Dungeon
  4453 | D:5      | Reached skill level 1 in Air Magic
  4505 | D:5      | Reached skill level 1 in Conjurations
  5694 | D:5      | Reached ** piety under Sif Muna
  5695 | D:5      | Reached XP level 8. HP: 36/36 MP: 6/13
  5960 | D:5      | Found a hazy altar of Hepliaklqana.
  6074 | D:5      | Learned a level 1 spell: Animate Skeleton
  6076 | D:5      | Learned a level 1 spell: Apportation
  6126 | D:6      | Found Cysarhu's Distillery.
  6136 | D:6      | Bought a potion of haste for 120 gold pieces
  6136 | D:6      | Bought a potion of heal wounds for 60 gold pieces
  6169 | D:6      | Found a glowing golden altar of the Shining One.
  6262 | D:6      | Noticed Menkaure
  6277 | D:6      | Reached skill level 1 in Fighting
  6277 | D:6      | Reached skill level 1 in Invocations
  6883 | D:6      | Noticed Maken's ghost (novice GnWn)
  6887 | D:6      | Found a runed translucent gate.
  6887 | D:6      | Found a runed translucent gate.
  6889 | D:6      | Found a runed translucent gate.
  6993 | D:6      | Killed Menkaure
  7446 | D:6      | Reached skill level 5 in Dodging
  7446 | D:6      | Noticed Grinder
  7459 | D:6      | Reached XP level 9. HP: 43/43 MP: 3/17
  7691 | D:7      | Reached skill level 5 in Spellcasting
  7775 | D:7      | Noticed a two-headed ogre
  7786 | D:7      | Killed a two-headed ogre
  7897 | D:7      | Noticed Duvessa
  7900 | D:7      | Noticed Dowan
  7905 | D:7      | Killed Duvessa
  8330 | D:7      | Found a staircase to the Ecumenical Temple.
  8392 | D:7      | Found an ornate altar of the Wu Jian Council.
  8406 | D:7      | Noticed Joseph
  8416 | D:7      | Killed Joseph
  8692 | D:7      | Killed Dowan
  8695 | D:7      | Noticed Maggie
  8700 | D:7      | HP: 2/43 [Maggie/bolt of fire (11)]
  8706 | D:7      | Killed Maggie
  8707 | D:7      | Reached skill level 5 in Invocations
  8873 | D:7      | Reached XP level 10. HP: 38/50 MP: 21/21
  9990 | D:8      | Noticed a lindwurm
  9990 | D:8      | Noticed a lindwurm
  9991 | D:8      | Noticed a lindwurm
  9993 | D:8      | Noticed a lindwurm
  9996 | D:8      | Killed a lindwurm
  9996 | D:8      | Killed a lindwurm
  9997 | D:8      | Killed a lindwurm
  9998 | D:8      | Reached skill level 5 in Fighting
 10000 | D:8      | Killed a lindwurm
 10000 | D:8      | Reached *** piety under Sif Muna
 10253 | D:8      | Noticed Psyche
 10255 | D:8      | Killed Psyche
 10471 | D:8      | Learned a level 2 spell: Searing Ray
 10933 | D:9      | Identified the ring of Gelag {rCorr Int+2 Slay+2}
 11244 | D:9      | Reached XP level 11. HP: 56/56 MP: 24/24
 11503 | D:9      | Found a staircase to the Lair.
 11614 | D:9      | Reached **** piety under Sif Muna
 11671 | D:9      | Noticed a two-headed ogre
 11682 | D:9      | Killed a two-headed ogre
 11683 | D:9      | Reached skill level 10 in Dodging
 11933 | D:10     | Entered Level 10 of the Dungeon
 12318 | D:10     | Noticed a soul eater
 12500 | D:10     | Identified the +5 scale mail "Qozxella" {Str+3}
 12544 | D:10     | Reached skill level 10 in Spellcasting
 12753 | D:10     | Found a sacrificial altar of Ru.
 12760 | D:10     | Noticed Erolcha
 12772 | D:10     | Killed Erolcha
 13366 | D:11     | Found Egaorif's Antique Armour Boutique.
 13461 | D:11     | Noticed a brown ugly thing
 13472 | D:11     | Killed a brown ugly thing
 13869 | D:11     | Found a staircase to the Orcish Mines.
 14024 | D:11     | Reached XP level 12. HP: 64/64 MP: 27/27
 15105 | D:6      | Killed Grinder
 15339 | D:6      | Killed Maken's ghost
 15340 | D:6      | Reached skill level 10 in Invocations
 15704 | Lair:1   | Entered Level 1 of the Lair of Beasts
 15799 | Lair:1   | Reached ***** piety under Sif Muna
 16140 | Lair:1   | Learned a level 5 spell: Hydra Form
 16423 | Lair:1   | Noticed a seven-headed hydra
 16528 | Lair:1   | Noticed Urug
 16528 | Lair:1   | You fall into a shaft and drop 1 floor!
 16533 | Lair:2   | Reached skill level 1 in Unarmed Combat
 16549 | Lair:2   | Killed a seven-headed hydra
 16611 | Lair:2   | Noticed a four-headed hydra
 16615 | Lair:2   | Identified Hiar Memn's Reference Book on Mutagenic Dark
                  | Secrets (Sif Muna gifted it to you on level 2 of the Lair
                  | of Beasts)
 16615 | Lair:2   | Received a gift from Sif Muna
 16623 | Lair:2   | Killed a four-headed hydra
 16631 | Lair:2   | Noticed a death yak
 16635 | Lair:2   | Noticed a death yak
 16636 | Lair:2   | Noticed a death yak
 16636 | Lair:2   | Noticed a death yak
 16637 | Lair:2   | Noticed a death yak
 16676 | Lair:2   | Killed a death yak
 16679 | Lair:2   | Killed a death yak
 16680 | Lair:2   | Killed a death yak
 16681 | Lair:2   | Killed a death yak
 16685 | Lair:2   | Killed a death yak
 16875 | Lair:2   | Reached skill level 5 in Unarmed Combat
 16941 | Lair:2   | Reached XP level 13. HP: 56/70 MP: 28/28
 17107 | Lair:2   | Found a staircase to the Swamp.
 18147 | Lair:3   | Learned a level 2 spell: Wereblood
 19957 | Lair:4   | Reached skill level 10 in Fighting
 19957 | Lair:4   | Reached skill level 10 in Transmutations
 20038 | Lair:4   | Slain by an eight-headed hydra

Illustrated notes

Levels and vault maps discovered:
D:1:      erik_arrival_triangle_small, layout_rooms, dk_noncrumbling_4
D:2:      cheibrodos_old_hovel, layout_basic,
          shapermc_ecumenical_altar_notcrosses, kennysheep_generic_room_15,
          uniq_crazy_yiuf_cottage
D:3:      minmay_chambers_of_threes, layout_rooms, lemuel_tele_altar, hex_medium
D:4:      wander_river, layout_cave_pools,
          grunt_temple_overflow_order_and_chaos_2,
          chequers_temple_overflow_minitemple
D:5:      layout_loops_ring, kennysheep_mini_moat, kennysheep_generic_room_9
D:6:      layout_loops_ring, tso_oasis_becter, portal_sewer_entry_d,
          serial_shops, shop, gammafunk_ghost_split, minmay_misc_feat_plants,
          uniq_menkaure, uniq_grinder
D:7:      layout_loops_ring, nzn_wu_jian_contemplation,
          minmay_temple_entry_statues_fountains, uniq_maggie, uniq_joseph,
          uniq_duvessa
D:8:      layout_basic, kennysheep_cross_bottleneck, kennysheep_cross_room,
          eino_tiny_chamber, minmay_lindwurm_lava, uniq_psyche
D:9:      layout_loops_ring, david_lair_shrubbed, kennysheep_generic_room_6
D:10:     layout_rooms, nicolae_ru_sacrificial_ziggurat, special_room
          [special_room_orc], onia_ninara_cookie, uniq_erolcha
D:11:     minmay_ice_pillars, layout_cave_pools, minmay_orc_entry_guard_dogs,
          serial_shops, shop_statue
Lair:1:   layout_chaotic_city, tgw_fedhas, uniq_urug
Lair:2:   layout_chaotic_city, swamp_mist_pool, minmay_lair_oklob_chamber,
          grunt_megastairs_4
Lair:3:   layout_misc_corridors, serial_bayou_shore_b, serial_bayou_shore_a
Lair:4:   wad_woods_tower, layout_layer_cave, spider_nest_entry_web_field,
          special_room [special_room_bee], minivault_11

Skill      XL: |  1  2  3  4  5  6  7  8  9 10 11 12 13 |
---------------+----------------------------------------+-----
Transmutations | 2 3 4 5 6 8 10 | 10.1
Poison Magic   | 4 5 6 7 8 |  8.0
Fire Magic     | 1 |  1.0
Air Magic      | 2 |  2.0
Conjurations   | 2 |  2.0
Dodging        | 5 7 9 10 | 10.0
Spellcasting   | 4 7 8 10 | 10.0
Fighting       | 2 4 5 7 9 10 | 10.0
Invocations    | 3 5 6 9 10 | 10.1
Unarmed Combat | 5 7 |  7.3
Stealth        | |  3.0

Action                   |  1- 3 |  4- 6 |  7- 9 | 10-12 | 13-15 || total
-------------------------+-------+-------+-------+-------+-------++-------
Melee: Flail             |       |    19 |       |       |       ||    19
       Dagger            |       |    12 |   120 |    79 |    12 ||   223
       Unarmed           |       |       |       |    34 |    93 ||   127
Throw: Boomerang         |       |       |     4 |       |       ||     4
 Cast: Sting             |    46 |   125 |    64 |    13 |       ||   248
       Mephitic Cloud    |       |       |    23 |    36 |       ||    59
       Ignite Poison     |       |       |    27 |    98 |    15 ||   140
       Animate Skeleton  |       |       |     1 |       |       ||     1
       Olgreb's Toxic Ra |       |       |    11 |    93 |    24 ||   128
       Searing Ray       |       |       |       |    29 |       ||    29
       Hydra Form        |       |       |       |     3 |    11 ||    14
       Wereblood         |       |       |       |       |     5 ||     5
 Abil: End Transformatio |       |       |       |     1 |       ||     1
Evoke: Wand              |       |       |       |    10 |     1 ||    11
  Use: Scroll            |       |       |    11 |     7 |     7 ||    25
       Potion            |       |       |     2 |     2 |     1 ||     5
 Stab: Sleeping          |       |     1 |       |     2 |       ||     3
       Confused          |       |       |     1 |       |       ||     1
       Distracted        |       |       |     1 |       |       ||     1
Armor: Robe              |       |    11 |    25 |       |       ||    36
       Steam dragon scal |       |       |       |    36 |     2 ||    38
       Skin              |       |       |       |     4 |    27 ||    31
Dodge: Dodged            |     6 |    56 |   137 |   207 |    66 ||   472

Table legend: (Time is in decaauts)
 A = Elapsed time spent in this place.
 B = Non-inter-level travel time spent in this place.
 C = Inter-level travel time spent in this place.
 D = Time resting spent in this place.
 E = Time spent auto-exploring this place.
 F = Levels seen in this place.
 G = Mean time per level.
                   A        B        C        D        E       F      G
               +--------+--------+--------+--------+--------+-----+--------+
         Total |  16254 |  15901 |    353 |   3425 |   9869 |  15 | 1083.6 |
       Dungeon |  12571 |  12239 |    332 |   2681 |   7544 |  11 | 1142.8 |
          Lair |   3683 |   3662 |     21 |    744 |   2324 |   4 |  920.8 |
               +--------+--------+--------+--------+--------+-----+--------+

Top non-repeatable levels by time:
     D:5: 1624 daAuts
  Lair:3: 1473 daAuts
     D:6: 1471 daAuts
     D:7: 1398 daAuts
     D:8: 1252 daAuts
  Lair:2: 1195 daAuts
     D:9: 1153 daAuts
     D:2: 1097 daAuts
    D:11: 1092 daAuts
     D:4: 996 daAuts
    D:10: 892 daAuts
     D:3: 834 daAuts
     D:1: 757 daAuts
  Lair:1: 697 daAuts
  Lair:4: 317 daAuts
